 Dungeon Crawl Stone Soup version 0.24-a0-408-gcc1054c7ca (webtiles) character file.

Game seed: 12805468055709890138

16 awful the Sneak (level 2, -4/22 HPs)
             Began as a Naga Enchanter on June 6, 2019.
             Slain by a worm (10 damage)
             ... on level 2 of the Dungeon.
             The game lasted 00:01:38 (761 turns).

awful the Sneak (Naga Enchanter)                     Turns: 761, Time: 00:01:39

Health: -4/22      AC:  2    Str: 10    XL:     2   Next: 58%
Magic:  5/5        EV: 10    Int: 15    God:
Gold:   44         SH:  0    Dex: 11    Spells: 2/5 levels left

rFire    . . .     SeeInvis +   a - +1 dagger
rCold    . . .     Gourm    .   (no shield)
rNeg     . . .     Faith    .   b - +0 robe
rPois    +         Spirit   .   h - +0 helmet
rElec    .         Reflect  .   (no cloak)
rCorr    .         Harm     .   (no gloves)
MR       .....                  (no barding)
Stlth    +++.......             g - amulet of the acrobat
HPRegen  0.07/turn              (no ring)
MPRegen  0.09/turn              (no ring)

@: short of breath, very slow
A: large, see invisible, deformed body, poison resistance, slowness 2, slow
metabolism 1, spit poison 1, AC +0
a: Spit Poison


You were on level 2 of the Dungeon.
You were not hungry.

You visited 1 branch of the dungeon, and saw 2 of its levels.

You collected 44 gold pieces.

Inventory:

Hand Weapons
 a - a +1 dagger (weapon)
Armour
 b - a +0 robe (worn)
 h - a +0 helmet (worn)
Jewellery
 e - an uncursed amulet of the gourmand
 g - an amulet of the acrobat (around neck)
Potions
 c - a potion of brilliance {unknown}
Comestibles
 d - 2 rations
 f - 2 chunks of flesh


   Skills:
 + Level 1.0 Short Blades
 - Level 1.7 Dodging
 + Level 4.8 Stealth
 + Level 2.0 Spellcasting
 + Level 3.2 Hexes
 * Level 0.8 Ice Magic


You had 2 spell levels left.
You knew the following spells:

 Your Spells              Type           Power        Failure   Level  Hunger
a - Corona                Hex            ##.....      6%          1    #......
b - Ensorcelled Hibernat  Hex/Ice        #.....       14%         2    ###....

Your spell library contained the following spells:

 Spells                   Type           Power        Failure   Level  Hunger
 Confuse                  Hex            ##......     17%         3    ###....
 Tukima's Dance           Hex            ##......     17%         3    ###....
 Dazzling Spray           Conj/Hex       #.....       34%         3    ###....


Dungeon Overview and Level Annotations

Branches:
Dungeon (2/15)

Altars:
Ashenzari


Innate Abilities, Weirdness & Mutations

You cannot wear boots.
Your serpentine skin is tough. (AC +0)
You have supernaturally acute eyesight. (SInv)
Armour fits poorly on your strangely shaped body.
Your system is resistant to poisons. (rPois)
You cover ground very slowly.
You have a slow metabolism.
You can spit poison.


Message History

The worm is moderately wounded.
The bat hits you but does no damage. The worm bites you.
You hit the worm.
The worm is moderately wounded.
The bat closely misses you.
A ball python comes into view.
The ball python hisses angrily.
You hit the worm.
The worm is moderately wounded.
The bat hits you but does no damage. The worm bites you!
* * * LOW HITPOINT WARNING * * *
You are too injured to fight recklessly!
You are too injured to fight recklessly!
You are too injured to fight recklessly!
Press: ? - help, Shift-Dir - straight line, f - worm
Aim: a worm (moderately wounded)
The splash of poison hits the worm!
The worm is poisoned.
The worm is severely wounded.
You feel slightly more hungry. The worm bites you!
You die...

#. .. ... .. .#
.....##.## #..#
.....#... .#...
......_. ....# #..#...
.....# #####
#..##w##.....# ....
#.....@)......
#..##.............
#..#####.........
#.####.........###..##
#..............# .#
....(..<......## #
..............#
........(.....#
.................


You could see a worm.

Vanquished Creatures
  A leopard gecko (D:1)
  2 bats (D:1)
  2 giant cockroaches (D:1)
  2 goblins (D:1)
  3 hobgoblins (D:1)
  2 frilled lizards
  A kobold (D:2)
  A rat (D:1)
14 creatures vanquished.

Notes
Turn   | Place    | Note
-------+----------+-------------------------------------------
     0 | D:1      | awful the Naga Enchanter began the quest for the Orb.
     0 | D:1      | Reached XP level 1. HP: 15/15 MP: 3/3
   328 | D:1      | Reached XP level 2. HP: 20/22 MP: 5/5
   332 | D:1      | Learned a level 2 spell: Ensorcelled Hibernation
   752 | D:2      | Found a shattered altar of Ashenzari.
   761 | D:2      | Slain by a worm

Levels and vault maps discovered:
D:1:      nzn_arrival_crosshair, layout_loops_ring, nrook_loot_triangle,
          minmay_tetromino_l2
D:2:      layout_rooms, lemuel_doored_altar, nicolae_overflow_crystal_walls,
          grunt_decor_arrowhead

Action                   || total
-------------------------++-------
Melee: Dagger            ||    34
 Abil: Spit Poison       ||     1
 Stab: Sleeping          ||     6
Armor: Robe              ||     3
Dodge: Dodged            ||    19

Table legend:
 A = Non-vault XP
 B = Vault XP
 C = Vault XP percentage of total XP
 D = Non-vault monster count
 E = Vault monster count
 F = Vault count percentage of total count
                 A         B        C        D         E       F
            +---------+---------+-------+---------+---------+-------
      Total |      22 |       2 |   8.3 |      12 |       2 |  14.3
            +---------+---------+-------+---------+---------+-------
        D:1 |      20 |       2 |   9.1 |      10 |       2 |  16.7
        D:2 |       2 |       0 |   0.0 |       2 |       0 |   0.0
            +---------+---------+-------+---------+---------+-------
